AoeStats
← Yorshka

Arena

508850881Analyzed
3v3 RM · 8d ago on Sep 24, 2026· 43m 14s· 6 players
Game mode
Random Map
Map size
Normal (6 player)
Population
200
Speed
Normal
Resources
Standard
Victory
Conquest
Starting age
Dark Age
Ending age
Imperial Age
RankedLock teamsTeams togetherTeam positionsShared explorationLock speedFull tech treeHidden civsTurbo modeCheats
Victory
Defeat
🇩🇪 Italians · Germany
1656
+15
🇩🇪 Celts · Germany
1597
+18
🇨🇭 Bengalis · Switzerland
1583
+18
🇨🇳 Wei · China
1706
-19
🇨🇳 Malay · China
1622
-17
🇨🇳 Bulgarians · China
1580
-15
Dawn14
9:57 Feudal Age
11:04 Loom
14:02 Castle Age
12:05 Double-Bit Axe
14:53 Bow Saw
21:44 Gold Mining
21:34 Horse Collar
24:56 Wheelbarrow
29:13 Imperial Age
29:29 Hand Cart
29:00 Town Watch
31:09 Heavy Plow
31:59 Scale Mail Armor
32:10 Forging
31:42 Pikeman
33:10 Halberdier
34:32 Chain Mail Armor
35:55 Plate Mail Armor
35:17 Fletching
37:02 Iron Casting
37:34 Gambesons
38:16 Conscription
38:07 Furor Celtica
38:24 Siege Engineers
39:15 Ballistics
39:09 Bodkin Arrow
38:42 Heavy Scorpion
39:13 Capped Ram
41:39 Chemistry
40:54 Caravan
41:54 Stronghold
43:29 Masonry
G1NCo
10:33 Feudal Age
10:47 Feudal Age
14:56 Castle Age
12:49 Double-Bit Axe
13:12 Horse Collar
16:20 Bow Saw
18:46 Heavy Plow
20:47 Wheelbarrow
23:14 Hand Cart
24:15 Gold Mining
24:15 Stone Mining
28:13 Imperial Age
25:30 Loom
25:36 Town Watch
26:25 Fletching
26:36 Padded Archer Armor
26:57 Ballistics
27:25 Gold Shaft Mining
27:59 Bodkin Arrow
28:19 Leather Archer Armor
28:40 Elite Elephant Archer
29:21 Bracer
30:23 Chemistry
30:28 Ring Archer Armor
30:12 Bloodlines
30:02 Husbandry
31:29 Two-Man Saw
31:00 Crop Rotation
30:53 Paiks
32:20 Conscription
34:02 Fortified Wall
34:38 Mahayana
36:58 Caravan
42:49 Coinage
42:30 Guilds
Brudiiii
9:40 Feudal Age
13:09 Castle Age
11:00 Double-Bit Axe
11:16 Horse Collar
14:28 Bow Saw
19:46 Wheelbarrow
20:45 Heavy Plow
21:43 Gold Mining
23:55 Hand Cart
27:54 Imperial Age
26:13 Ballistics
26:03 Stone Mining
26:14 Fletching
26:24 Padded Archer Armor
26:13 Town Watch
26:13 Loom
26:51 Bodkin Arrow
27:18 Masonry
26:50 Treadmill Crane
28:18 Thumb Ring
29:05 Stone Shaft Mining
29:39 Chemistry
28:39 Bracer
29:43 Leather Archer Armor
30:00 Architecture
32:43 Ring Archer Armor
32:13 Elite Genoese Crossbowman
33:39 Hoardings
35:27 Silk Road
35:44 Capped Ram
37:56 Caravan
Yorshka
9:54 Feudal Age
14:00 Castle Age
12:27 Double-Bit Axe
12:26 Horse Collar
15:00 Bow Saw
20:41 Wheelbarrow
20:41 Heavy Plow
22:59 Hand Cart
22:37 Town Watch
24:06 Loom
24:15 Gold Mining
27:34 Imperial Age
24:59 Treadmill Crane
25:35 Scale Barding Armor
25:58 Forging
26:02 Masonry
26:30 Gold Shaft Mining
25:48 Loom
26:36 Chain Barding Armor
26:19 Stone Mining
27:38 Iron Casting
28:45 Stone Shaft Mining
29:20 Blast Furnace
28:23 Tuntian
28:44 Conscription
29:31 Ming Guang Armor
31:09 Chemistry
30:10 Elite Tiger Cavalry
32:11 Husbandry
32:22 Bloodlines
34:34 Chemistry
33:55 Ballistics
33:27 Fletching
35:00 Bodkin Arrow
37:04 Bracer
39:52 Hoardings
系色望捏
0:29 Loom
2:16 Loom
8:45 Loom
11:06 Feudal Age
14:36 Castle Age
12:41 Double-Bit Axe
12:56 Horse Collar
14:37 Light Cavalry
18:42 Wheelbarrow
18:02 Loom
22:06 Fletching
24:01 Gold Mining
25:49 Bodkin Arrow
25:44 Town Watch
26:59 Gold Shaft Mining
30:06 Scale Barding Armor
30:12 Forging
30:23 Bloodlines
30:13 Husbandry
31:33 Chain Barding Armor
34:01 Iron Casting
33:26 Scale Mail Armor
34:12 Bow Saw
36:43 Imperial Age
35:03 Chain Mail Armor
35:18 Stone Mining
36:59 Gambesons
37:00 Arson
37:16 Squires
37:56 Plate Mail Armor
37:28 Capped Ram
39:12 Blast Furnace
39:13 Onager
南良千奈
11:25 Feudal Age
14:21 Castle Age
13:02 Double-Bit Axe
17:38 Bow Saw
19:12 Wheelbarrow
19:23 Loom
20:30 Loom
22:07 Gold Mining
23:03 Loom
26:20 Imperial Age
23:55 Horse Collar
23:47 Crossbowman
24:22 Gold Mining
25:24 Fletching
25:54 Bodkin Arrow
27:11 Chemistry
27:09 Bracer
28:18 Hand Cart
28:21 Arbalester
29:27 Padded Archer Armor
30:30 Ballistics
30:58 Leather Archer Armor
32:33 Elite Skirmisher
35:31 Ring Archer Armor
35:36 Conscription
36:56 Pikeman
37:37 Squires
37:52 Forging
39:09 Siege Engineers
Connection lost

Rejoining the realm…

Still unreachable

The connection could not be restored.

Session expired

The server has moved on; the page needs a fresh start.